 Dungeon Crawl Stone Soup version 0.17-a0-2014-g32cd421 (webtiles) character file.

49 HatterTheSad the Conjurer (level 3, -1/16 HPs)
             Began as a Spriggan Conjurer on Oct 10, 2015.
             Slain by a kobold (3 damage)
             ... on level 2 of the Dungeon.
             The game lasted 00:31:20 (3364 turns).

HatterTheSad the Conjurer (Spriggan Conjurer)       Turns: 3364, Time: 00:31:20

Health: -1/16      AC:  2    Str:  4    XL:     3   Next: 53%
Magic:  8/8        EV: 18    Int: 17    God:
Gold:   131        SH:  0    Dex: 16    Spells: 3 memorised, 2 levels left

rFire  . . .     SeeInvis +     j - +3 whip (distort)
rCold  . . .     Clarity  .     a - +0 robe
rNeg   . . .     SustAt   .     (shield restricted)
rPois  .         Gourm    .     (helmet restricted)
rElec  .         Spirit   .     (no cloak)
rCorr  .         Warding  .     (gloves unavailable)
rMut   .         Stasis   .     (boots unavailable)
MR     .....                    (no amulet)
Stlth  ++++......               (no ring)
                                o - ring of stealth

@: very quick, not resistant to hostile enchantments, stealthy
A: unfitting armour, see invisible, herbivore 3, speed 3, slow metabolism 2
a: no special abilities


You were on level 2 of the Dungeon.
You were not hungry.

You visited 1 branch of the dungeon, and saw 2 of its levels.

You collected 131 gold pieces.

Inventory:

Hand Weapons
 g - a +0 short sword
 h - a +0 club
 j - a +3 whip of distortion (weapon)
Missiles
 e - 14 sling bullets
Armour
 a - a +0 robe (worn)
 p - a +0 pair of gloves
Jewellery
 o - a ring of stealth (left hand)
Scrolls
 d - a scroll of noise
 k - a scroll of immolation
 m - a scroll of identify
Potions
 f - 2 potions of heal wounds {unknown}
 l - a potion of curing {unknown}
 n - a potion of poison {unknown}
Books
 b - a book of Conjurations

   Spells                             Type                      Level
   a - Magic Dart                     Conjuration                  1
   b - Searing Ray                    Conjuration                  2
   c - Dazzling Spray                 Conjuration/Hexes            3
   d - Fulminant Prism                Conjuration/Hexes            4
   e - Iskenderun's Mystic Blast      Conjuration                  4
   f - Iskenderun's Battlesphere      Conjuration/Charms           5
Comestibles
 c - a bread ration
 i - a beef jerky


   Skills:
 + Level 3.4 Dodging
 + Level 3.4 Stealth
 + Level 3.3 Spellcasting
 + Level 3.5 Conjurations


You had 2 spell levels left.
You knew the following spells:

 Your Spells              Type           Power        Failure   Level  Hunger
a - Magic Dart            Conj           ##..         4%          1    None
b - Searing Ray           Conj           ##....       10%         2    ##.....
c - Dazzling Spray        Conj/Hex       #.......     24%         3    ###....


Dungeon Overview and Level Annotations

Branches:
Dungeon (2/15)

Altars:


Innate Abilities, Weirdness & Mutations

You are tiny and cannot use many weapons and most armour.
You have supernaturally acute eyesight.
You are a herbivore.
You cover ground extremely quickly.
You need consume almost no food.


Message History

You kill the goblin!
The quokka closely misses you.
You hit the quokka.
You kill the quokka!
You hit the kobold but do no damage.
The kobold blinks!
You miss the jackal.
The jackal is almost dead.
The jackal misses you. The jackal bites you.
* * * LOW HITPOINT WARNING * * *
You barely miss the jackal.
The jackal is almost dead.
The jackal misses you. The jackal bites you.
* * * LOW HITPOINT WARNING * * *
You closely miss the jackal.
The jackal is almost dead.
The jackal closely misses you. The kobold barely misses you.
You hit the jackal.
The jackal is almost dead.
The jackal blinks!
The kobold hits you.
You die...

####+######.#.#.###...#..##
# #....# #.#.#.# #.....##
#....# #.#.#.# #.....#
#....# #.#.#.# #..#..+
#....####.#.#.# ....#
#.............#####.#.# h
###....####.#...........#
.. ........#
#.####.K......#..#
........#
#.....@§...).....#
........#
######h...†..##....
........########.......#
..#
..†....................# .
.......................#
.......................#
.......................#
####.....######.....####
####.....## #.....#


You could see a jackal and a kobold.

Vanquished Creatures
  2 bats (D:1)
  8 goblins
  6 hobgoblins
  4 jackals (D:2)
  7 kobolds
  3 giant cockroaches
  3 giant geckos
  4 giant newts
  A quokka (D:2)
  6 rats
44 creatures vanquished.

Vanquished Creatures (others)
  A jackal (D:2)
1 creature vanquished.

Grand Total: 45 creatures vanquished

Notes
Turn   | Place    | Note
--------------------------------------------------------------
     0 | D:1      | HatterTheSad the Spriggan Conjurer began the quest for the Orb.
     0 | D:1      | Reached XP level 1. HP: 9/9 MP: 5/5
   874 | D:1      | Reached XP level 2. HP: 13/13 MP: 2/6
  1130 | D:1      | Learned a level 2 spell: Searing Ray
  2802 | D:2      | Reached XP level 3. HP: 16/16 MP: 5/8
  2834 | D:2      | Learned a level 3 spell: Dazzling Spray
  3364 | D:2      | Slain by a kobold

Vault maps used:
D:1:      minmay_arrival_pointy
D:2:      first_bread, minmay_misc_feat_diagonals, grunt_decor_arrowhead,
          kennysheep_generic_room_9, uniq_iyjb

Action                   || total
-------------------------++-------
Melee: Unarmed           ||    13
       Whip              ||    44
 Cast: Magic Dart        ||    29
       Searing Ray       ||    26
  Use: Scroll            ||     4
 Stab: Sleeping          ||     1
  Eat: Pizza             ||     1
